 Dungeon Crawl Stone Soup version 0.19.0 (webtiles) character file.

163 CanadianGator the Bolt Thrower (level 5, -3/32 HPs)
             Began as a Kobold Hunter on Nov 23, 2016.
             Was an Initiate of Dithmenos.
             Slain by an ogre
             ... wielding a +0 giant spiked club
              (17 damage)
             ... on level 4 of the Dungeon.
             The game lasted 00:11:21 (3125 turns).

CanadianGator the Bolt Thrower (Kobold Hunter)      Turns: 3125, Time: 00:11:22

Health: -3/32      AC:  9    Str:  9    XL:     5   Next: 73%
Magic:  5/5        EV:  7    Int: 12    God:    Dithmenos [......]
Gold:   151        SH:  0    Dex: 17    Spells: 0 memorised, 4 levels left

rFire  . . .     SeeInvis .     b - +0 rapier
rCold  . . .     Gourm    .     o - -1 chain mail (curse)
rNeg   . . .     Faith    .     (shield restricted)
rPois  .         Spirit   .     r - +1 helmet
rElec  .         Reflect  .     (no cloak)
rCorr  .         Harm     .     (no gloves)
MR     .....                    (no boots)
Stlth  ..........               (no amulet)
                                (no ring)
                                x - ring of flight

@: no status effects
A: carnivore 3
a: Renounce Religion, Evoke Flight


You were on level 4 of the Dungeon.
You worshipped Dithmenos.
Dithmenos was noncommittal.
You were very full.

You visited 1 branch of the dungeon, and saw 4 of its levels.

You collected 151 gold pieces.

Inventory:

Hand Weapons
 a - a +1 hand crossbow
 b - a +0 rapier (weapon)
Missiles
 d - 25 bolts
Armour
 c - a +0 leather armour
 l - a +0 ring mail
 n - a cursed +0 robe
 o - a cursed -1 chain mail (worn)
 q - a +2 robe of positive energy
 r - a +1 helmet (worn)
Jewellery
 x - a ring of flight (left hand)
Wands
 y - a wand of acid (9/15)
Scrolls
 e - 3 scrolls of fog
 s - 4 scrolls of identify {unknown}
 t - 4 scrolls of remove curse {unknown}
 u - 2 scrolls of amnesia {unknown}
 w - a scroll of teleportation {unknown}
Potions
 g - 2 potions of might {unknown}
 h - 2 potions of berserk rage
 i - a potion of degeneration {unknown}
 j - a potion of flight {unknown}
 k - a potion of beneficial mutation {unknown}
 m - a potion of lignification {unknown}
 v - a potion of invisibility {unknown}
 z - a potion of mutation {unknown}
Books
 A - a book of Minor Magic

   Spells                             Type                      Level
   a - Magic Dart                     Conjuration                  1
   b - Blink                          Translocation                2
   c - Call Imp                       Summoning                    2
   d - Repel Missiles                 Charms/Air                   2
   e - Slow                           Hexes                        2
   f - Conjure Flame                  Conjuration/Fire             3
   g - Mephitic Cloud                 Conjuration/Poison/Air       3
Comestibles
 f - 2 meat rations
 p - a royal jelly


   Skills:
 + Level 2.8 Fighting
 * Level 2.2 Short Blades
 * Level 5.5 Crossbows
 + Level 1.0 Armour
 * Level 3.7 Dodging
 * Level 3.6 Stealth


You had 4 spell levels left.
You didn't know any spells.

Dungeon Overview and Level Annotations

Branches:
Dungeon (4/15)
 Temple: D:4-7

Altars:
Dithmenos
Qazlal
Vehumet
Yredelemnul


Innate Abilities, Weirdness & Mutations

You are small and have problems with some larger weapons.
You are carnivorous and can eat meat at any time.


Message History

Firing (i - inventory):
d - 26 bolts (quivered)
Press: ? - help, Shift-Dir - straight line, f/p - ogre
Aim: an ogre, wielding a giant spiked club You shoot a bolt.
The bolt barely misses the ogre.
Wield which item (- for none, * to show all)? (? for menu, Esc to quit)
b - a +0 rapier (weapon)
You hit the ogre.
The ogre is lightly wounded.
The ogre closely misses you.
You hit the ogre.
The ogre is moderately wounded.
The ogre hits you with a giant spiked club.
You hit the ogre but do no damage.
The ogre is moderately wounded.
The ogre hits you with a giant spiked club!
Your chain mail prevents you from hitting the ogre.
The ogre is moderately wounded.
The ogre hits you with a giant spiked club!
Ouch! That really hurt!
You die...

###..#.........
##...........
####..........
#.....##...##
#..........#
#.....#....###
########.....###
######........#
.(((((.O@.......
#.....##...####.
.(.... #...#
..... .####
..... . ...O ..
.... .. ...


You could see an ogre.

Vanquished Creatures
  A worker ant (D:4)
  A gnoll (D:1)
  5 adders
  2 oozes
  2 worms
  2 leopard geckos
  3 orcs
  A ball python (D:1)
  9 bats
  5 giant cockroaches
  8 hobgoblins
  3 jackals (D:1)
  3 quokkas
  3 frilled lizards
  5 goblins
  5 kobolds
  A leopard gecko skeleton (D:4)
  6 rats
65 creatures vanquished.

Notes
Turn   | Place    | Note
-------+----------+-------------------------------------------
     0 | D:1      | CanadianGator the Kobold Hunter began the quest for the Orb.
     0 | D:1      | Reached XP level 1. HP: 12/12 MP: 1/1
   109 | D:1      | Reached XP level 2. HP: 17/17 MP: 2/2
   193 | D:1      | Reached skill level 1 in Short Blades
   193 | D:1      | Reached skill level 5 in Crossbows
   193 | D:1      | Reached XP level 3. HP: 22/22 MP: 3/3
  1079 | D:2      | Reached XP level 4. HP: 27/27 MP: 4/4
  1894 | D:3      | Reached skill level 1 in Armour
  2032 | D:3      | Reached XP level 5. HP: 20/31 MP: 5/5
  2212 | D:3      | Found a shadowy altar of Dithmenos.
  2254 | D:3      | Found a stormy altar of Qazlal.
  2255 | D:3      | Found a radiant altar of Vehumet.
  2257 | D:3      | Found a basalt altar of Yredelemnul.
  2270 | D:3      | Became a worshipper of Dithmenos the Shadowed
  3114 | D:4      | Noticed an ogre
  3125 | D:4      | Slain by an ogre

Skill      XL: |  1  2  3  4  5 |
---------------+----------------+-----
Stealth        | 2 3 |  3.6
Short Blades   | 1 2 |  2.2
Crossbows      | 5 |  5.5
Dodging        | 3 |  3.7
Armour         | 1 |  1.0
Fighting       | |  2.8

Action                   |  1- 3 |  4- 6 || total
-------------------------+-------+-------++-------
Melee: Short sword       |    23 |   100 ||   123
       Rapier            |       |    68 ||    68
 Fire: Hand crossbow     |    46 |    31 ||    77
  Use: Scroll            |     2 |       ||     2
       Potion            |       |     1 ||     1
  Eat: Chunk             |     9 |     5 ||    14
Armor: Leather armour    |     5 |       ||     5
       Chain mail        |    19 |   115 ||   134
Dodge: Dodged            |    16 |    59 ||    75
